 Dungeon Crawl Stone Soup version 0.30-a0-1124-g6e8f0f562f (webtiles) character file.

Game seed: 11910857548929954789

577 GenialerGandalf the Cleaver (level 7, -3/62 HPs)
             Began as a Hill Orc Chaos Knight on Apr 21, 2023.
             Was a Follower of Beogh.
             Slain by a gnoll
             ... wielding a +0 flail
             ... led by a gnoll sergeant
              (5 damage)
             ... on level 6 of the Dungeon on Apr 23, 2023.
             The game lasted 00:10:35 (3578 turns).

GenialerGandalf the Cleaver (Hill Orc Chaos Knight) Turns: 3578, Time: 00:10:36

Health: -3/62      AC:  6    Str: 16    XL:     7   Next: 35%
Magic:  7/7        EV: 11    Int: 11    God:    Beogh [*.....]
Gold:   217        SH:  0    Dex: 14    Spells: 6/6 levels left

rFire   + + .        a - +0 hand axe (chaos)
rCold   . . .        (no shield)
rNeg    . . .        h - +2 leather armour {rF+}
rPois   .            (helmet restricted)
rElec   .            (no cloak)
rCorr   .            i - +0 pair of gloves
SInv    +            (no boots)
Will    .....        (no amulet)
Stlth   +            (no ring)
HPRegen 0.30/turn    (no ring)
MPRegen 0.10/turn

%: no passive effects
@: mighty, studying Maces & Flails, unable to drink
A: horns 1, see invisible, agile 1, fire resistance 1, inability to drink after
injury 1
a: Renounce Religion


You were on level 6 of the Dungeon.
You worshipped Beogh.
Beogh was aware of your devotion.
You visited 1 branch of the dungeon, and saw 7 of its levels.

You collected 217 gold pieces.

Inventory:

Hand Weapons
 a - a +0 hand axe of chaos (weapon)
Missiles
 x - a throwing net
Armour
 b - a +2 leather armour
 h - a +2 leather armour of fire resistance (worn)
 i - a +0 pair of gloves (worn)
Jewellery
 s - a ring of ice
Wands
 k - a wand of mindburst (11)
 p - a wand of paralysis (8)
Scrolls
 e - a scroll of poison
 o - a scroll of butterflies {unknown}
 t - a scroll of amnesia {unknown}
 u - a scroll of teleportation {unknown}
 v - a scroll of immolation {unknown}
 w - a scroll of blinking {unknown}
 y - 3 scrolls of magic mapping {unknown}
Potions
 d - a potion of haste {unknown}
 f - 2 potions of magic
 g - a potion of might
 j - a potion of attraction {unknown}
 l - a potion of mutation {unknown}
 m - 3 potions of lignification
 n - a potion of curing {unknown}
 q - 2 potions of brilliance {unknown}
 r - a potion of cancellation {unknown}
Miscellaneous
 c - a piece from Xom's chessboard (14/15) (quivered)


   Skills:
 * Level 5.9 Fighting
 * Level 8.0 Axes
 * Level 3.7 Armour
 - Level 0.7 Dodging
 * Level 2.3 Evocations


You had 6 spell levels left.
You didn't know any spells.
Your spell library contained the following spells:

 Spells                   Type           Power      Damage    Failure   Level
 Ensorcelled Hibernation  Hex/Ice        0%         N/A       54%         2
 Spider Form              Tmut/Pois      0%         N/A       77%         3
 Anguish                  Hex/Necr       0%         N/A       99%         4
 Cause Fear               Hex            0%         N/A       99%         4
 Dragon Form              Tmut           0%         N/A       100%        7
 Dragon's Call            Summ           0%         N/A       100%        9


Dungeon Overview and Level Annotations

Branches:
Dungeon (7/15)
 Temple: D:4-7

Altars:
Nemelex Xobeh

Shops:
D:1 :

Annotations:
D:3 1 runed translucent door, Crazy Yiuf


Innate Abilities, Weirdness & Mutations

You have a pair of small horns on your head.
You have supernaturally acute eyesight. (SInv)
You are agile. (Dex +4, Str/Int -1)
Your flesh is heat resistant. (rF+)
You occasionally lose the ability to drink potions when taking damage.


Message History

Things that are here:
a +0 flail; a +0 ring mail; an orc corpse A gnoll sergeant and a gnoll come into view.
The gnoll shouts!
A gnoll comes into view. It is wielding a +0 whip.
A gnoll comes into view. It is wielding a +0 whip.
The gnoll shouts! x2
A gnoll comes into view. It is wielding a +0 flail.
A centaur comes into view.
You closely miss the gnoll. The gnoll hits you with a +0 club.
The gnoll sergeant hits you from afar with a +0 spear!
You completely miss the gnoll.
The gnoll sergeant hits you from afar with a +0 spear!
The gnoll hits you with a +0 club.
You slash the gnoll! You drain the gnoll.
You kill the gnoll!
Beogh accepts your kill.
You hit the gnoll. You burn the gnoll. The gnoll hits you with a +0 club.
The gnoll sergeant hits you from afar with a +0 spear.
You are too injured to fight recklessly!
You are too injured to fight recklessly!
You are too injured to fight recklessly!
You hit the gnoll but do no damage. You barely miss the gnoll.
The gnoll hits you with a +0 flail. The gnoll hits you with a +0 club.
The gnoll sergeant hits you from afar with a +0 spear.
* * * LOW HITPOINT WARNING * * *
You feel very mighty all of a sudden. The gnoll barely misses you.
The gnoll closely misses you. x2
The gnoll sergeant hits you but does no damage.
You barely miss the gnoll. You headbutt the gnoll!
The gnoll is severely wounded.
You hit the gnoll. x2; The gnoll hits you with a +0 flail.
* * * LOW HITPOINT WARNING * * *
The gnoll barely misses you. x2
The gnoll sergeant hits you from afar with a +0 spear!
You feel threatened and lose the ability to drink potions!
* * * LOW HITPOINT WARNING * * *
You make a move on Xom's chessboard...
The gnoll seems to speed up.
The gnoll hits you but does no damage. The gnoll hits you with a +0 flail.
You die...

############ #
#..........#.#
#..........#.###
######..............
#....#..........#.#####
#......................
#......................
#...).###..............
#.....# #.###.#@#.#####
##)..#.........gggg....#
.#)#######.##...c......#
.'.# #.##..#.#..####
.### ...........# .##
#.##.......# ..# ... #
.. #.. .# #.#.... ...
#..... #.#....


You could see a gnoll sergeant, a centaur and 3 gnolls.

Vanquished Creatures
  A black bear (D:4)
  A scorpion (D:5)
  A howler monkey (D:3)
  A jelly (D:6)
  4 orc wizards (D:6)
  Robin (D:3)
  11 gnolls
  3 adders
  A river rat (D:4)
  A shadow imp (D:6)
  A white imp (D:6)
  2 ufetubi (D:6)
  2 worms
  2 dart slugs
  6 orcs
  8 ball pythons
  7 bats
  3 endoplasms
  2 giant cockroaches (D:1)
  6 goblins
  6 hobgoblins
  4 quokkas
  A frilled lizard (D:2)
  7 kobolds
  5 rats
87 creatures vanquished.

Notes
Turn   | Place    | Note
-------+----------+-------------------------------------------
     0 | D:1      | GenialerGandalf the Hill Orc Chaos Knight began the quest
                  | for the Orb.
     0 | D:1      | Reached XP level 1. HP: 19/19 MP: 1/1
    63 | D:1      | Reached XP level 2. HP: 26/27 MP: 2/2
   106 | D:1      | XOM: silly message
   215 | D:1      | Found Tijijug's Vocational Training.
   346 | D:1      | XOM: noise
   349 | D:1      | XOM: give mutation
   349 | D:1      | Gained mutation: You occasionally lose the ability to drink
                  | potions when taking damage. [Xom's mischief]
   473 | D:1      | Reached XP level 3. HP: 33/33 MP: 3/3
   611 | D:1      | Upgraded the game from 0.30-a0-1114-gd936c97349 to
                  | 0.30-a0-1124-g6e8f0f562f
   843 | D:2      | XOM: god gift: fluorescent wand {god gift}
  1142 | D:3      | Reached skill level 5 in Axes
  1251 | D:3      | Found a faded altar of an unknown god.
  1266 | D:3      | Noticed Ijyb
  1267 | D:3      | Noticed Robin
  1268 | D:3      | Ijyb changed into Ijyb the howler monkey
  1268 | D:3      | Noticed Ijyb
  1271 | D:3      | XOM: polymorph hobgoblin -> bat
  1274 | D:3      | Killed Ijyb the howler monkey
  1275 | D:3      | Reached skill level 1 in Evocations
  1275 | D:3      | Reached XP level 4. HP: 32/41 MP: 4/4
  1284 | D:3      | Killed Robin
  1289 | D:3      | XOM: summons 4 hostile shadow creatures
  1290 | D:3      | HP: 1/41 [quokka[Xom] (2)]
  1823 | D:3      | XOM: god gift: 30 gold pieces
  1915 | D:3      | Found a runed translucent door.
  1916 | D:3      | Noticed Crazy Yiuf
  2034 | D:4      | XOM: noise
  2039 | D:4      | Reached XP level 5. HP: 41/47 MP: 5/5
  2039 | D:4      | XOM: polymorph gnoll bouda -> river rat
  2046 | D:4      | Reached skill level 6 in Axes
  2067 | D:4      | Found a sparkling altar of Nemelex Xobeh.
  2315 | D:4      | XOM: polymorph endoplasm -> ball python
  2334 | D:4      | XOM: give mutations
  2334 | D:4      | Gained mutation: You are agile. (Dex +4, Str/Int -1) [Xom's
                  | grace]
  2334 | D:4      | Gained mutation: Your flesh is heat resistant. (rF+) [Xom's
                  | grace]
  2334 | D:4      | Gained mutation: You have a pair of small horns on your
                  | head. [Xom's grace]
  2334 | D:4      | Gained mutation: You have supernaturally acute eyesight.
                  | (SInv) [Xom's grace]
  2450 | D:4      | Noticed a black bear
  2457 | D:4      | Killed a black bear
  2458 | D:4      | Reached skill level 5 in Fighting
  2458 | D:4      | Reached XP level 6. HP: 40/56 MP: 6/6
  2668 | D:4      | Fell from the grace of Xom
  2668 | D:4      | Became a worshipper of Beogh the Brigand
  3176 | D:5      | Entered Level 5 of the Dungeon
  3188 | D:5      | Reached skill level 7 in Axes
  3290 | D:5      | You fall into a shaft and drop 2 floors!
  3341 | D:6      | Reached XP level 7. HP: 40/61 MP: 7/7
  3540 | D:6      | Reached * piety under Beogh
  3552 | D:6      | Reached skill level 8 in Axes
  3577 | D:6      | HP: 2/62 [gnoll sergeant/+0 spear (11)]
  3578 | D:6      | Slain by a gnoll

Illustrated notes

Levels and vault maps discovered:
D:1:      dpeg_arrival_rooms_b, layout_basic, glass_columns_a,
          nicolae_shop_vocational
D:2:      layout_rooms
D:3:      layout_basic, ebering_ecumenical_altar_hall, nicolae_goblin_pals,
          uniq_crazy_yiuf_cottage
D:4:      layout_basic, mainiacjoe_overflow_alcove_4
D:5:      layout_cave_pods, serial_shops, shop, serial_co_window_serial,
          co_window_paths_b, co_window_paths_b, co_window_of_opportunity_a,
          co_window_paths_b, co_window_paths_a, co_window_of_opportunity_c,
          co_window_of_opportunity_b, co_window_of_opportunity_c,
          co_window_of_opportunity_b, co_window_paths_c, glass_columns_a,
          glass_columns_b, glass_columns_a, glass_columns_c, glass_columns_c,
          grunt_decor_fettered
D:6:      layout_basic, minmay_temple_entry_ruins, gammafunk_ghost_necromancy
D:7:      layout_basic, nicolae_qazlal_style_of_elements

Skill      XL: |  1  2  3  4  5  6  7 |
---------------+----------------------+-----
Fighting       | 4 5 |  5.9
Axes           | 5 6 7 8 |  8.0
Evocations     | 1 2 |  2.3
Armour         | 3 |  3.7
Dodging        | |  0.7

Action                     |  1- 3 |  4- 6 |  7- 9 || total
---------------------------+-------+-------+-------++-------
  Melee: Hand axe          |    69 |   134 |    35 ||   238
         Headbutt          |       |    14 |     6 ||    20
         Punch             |       |       |     2 ||     2
 Invoke: Convert to Beogh  |       |     1 |       ||     1
  Evoke: Piece from Xom's  |       |       |     1 ||     1
    Use: Potion            |     2 |     1 |     1 ||     4
         Scroll            |     2 |     1 |       ||     3
   Stab: Petrified         |       |     2 |       ||     2
         Petrifying        |       |     1 |       ||     1
         Sleeping          |       |     1 |       ||     1
 Armour: Leather armour    |    16 |    48 |    13 ||    77
  Dodge: Dodged            |    37 |    75 |    17 ||   129

Table legend: (Time is in decaauts)
 A = Elapsed time spent in this place.
 B = Non-inter-level travel time spent in this place.
 C = Inter-level travel time spent in this place.
 D = Time resting spent in this place.
 E = Time spent auto-exploring this place.
 F = Levels seen in this place.
 G = Mean time per level.
                   A        B        C        D        E       F      G
               +--------+--------+--------+--------+--------+-----+--------+
         Total |   3579 |   3195 |    384 |    192 |   2174 |   7 |  511.3 |
       Dungeon |   3579 |   3195 |    384 |    192 |   2174 |   7 |  511.3 |
               +--------+--------+--------+--------+--------+-----+--------+

Top non-repeatable levels by time:
     D:4: 1021 daAuts
     D:3: 918 daAuts
     D:1: 732 daAuts
     D:2: 510 daAuts
     D:6: 243 daAuts
     D:5: 113 daAuts
     D:7: 39 daAuts
